[ AOE2 MATCH · #490629981 ]
UnrankedBurgundians vs Spanish
[ REPLAY ANALYSIS · EXTRACTED FROM THE RECORDED GAME ]
Feudal
10:41
Castle
20:51
Imperial
—
| APM avg | 59.3 |
| APM peak | 135 |
| eAPM avg | 27.4 |
| Villagers / military | 55 / 18 |
Focus
⚔️ 45.9% · 🌾 54.1%
Knight ×9 · Scout Cavalry ×9 · Fishing Ship ×6 · Unknown (2626) ×1
Feudal
11:42
Castle
16:06
Imperial
—
| APM avg | 35.5 |
| APM peak | 76 |
| eAPM avg | 18.4 |
| Villagers / military | 69 / 8 |
Focus
⚔️ 19.3% · 🌾 80.7%
Fishing Ship ×7 · Knight ×6 · Spearman ×2
Feudal
12:06
Castle
16:14
Imperial
—
| APM avg | 48.2 |
| APM peak | 75 |
| eAPM avg | 18.9 |
| Villagers / military | 64 / 10 |
Focus
⚔️ 12.6% · 🌾 87.4%
Monk ×5 · Fire Galley ×5 · Fishing Ship ×4
Feudal
11:33
Castle
23:56
Imperial
—
| APM avg | 40.4 |
| APM peak | 81 |
| eAPM avg | 18.2 |
| Villagers / military | 40 / 14 |
Focus
⚔️ 31.5% · 🌾 68.5%
Spearman ×14 · Fishing Ship ×4
Feudal
8:51
Castle
23:01
Imperial
—
| APM avg | 66.0 |
| APM peak | 98 |
| eAPM avg | 26.3 |
| Villagers / military | 48 / 41 |
Focus
⚔️ 54.1% · 🌾 45.9%
Archer ×41
Feudal
10:11
Castle
—
Imperial
—
| APM avg | 50.6 |
| APM peak | 75 |
| eAPM avg | 27.0 |
| Villagers / military | 60 / 7 |
Focus
⚔️ 45.4% · 🌾 54.6%
Unknown (2550) ×12 · Fishing Ship ×6 · Skirmisher ×4 · Galley ×2 · Demolition Raft ×1
Feudal
8:51
Castle
20:21
Imperial
—
| APM avg | 34.3 |
| APM peak | 90 |
| eAPM avg | 15.8 |
| Villagers / military | 60 / 21 |
Focus
⚔️ 27.2% · 🌾 72.8%
Camel Scout ×12 · Scout Cavalry ×5 · Knight ×4
Feudal
11:30
Castle
21:43
Imperial
—
| APM avg | 37.8 |
| APM peak | 75 |
| eAPM avg | 19.2 |
| Villagers / military | 50 / 25 |
Focus
⚔️ 28.2% · 🌾 71.8%
Archer ×15 · Spearman ×5 · Elephant Archer ×5 · Fishing Ship ×3
Match map
Initial resources + every placement click. Lines = walls · curves = elevation contours. ◆ gold · ⬟ stone · ● berries · ✦ relic · ◌ wall gap
Your base· ✓ Map-separated
Longbow's base· ✓ Map-separated
|FMG| Nadie's base· ✓ Map-separated
QNA | Apachai Hopachai's base· ✓ Map-separated
FMG | GreatMaty's base· ✓ Map-separated
APZz_'s base· ✓ Map-separated
|FMG| twitch/JabsUY's base· ✓ Map-separated
INDIO's base· ✓ Map-separated
Smoothed initial terrain · ◌ = detected wall gap · hover for details
Inputs per minute
— |FMG| TINCHO - - Longbow
Build order — |FMG| TINCHO
First 150 of 152 actions detected
| 0:01 | Create | Villager (Male) |
| 0:02 | Create | Villager (Male) |
| 0:03 | Build | House |
| 0:04 | Build | House |
| 0:10 | Create | Villager (Male) |
| 0:10 | Create | Villager (Male) |
| 1:27 | Create | Villager (Male) |
| 1:51 | Create | Villager (Male) |
| 1:52 | Create | Villager (Male) |
| 1:54 | Build | Lumber Camp |
| 2:12 | Create | Villager (Male) |
| 2:12 | Create | Villager (Male) |
| 2:48 | Create | Villager (Male) |
| 3:13 | Create | Villager (Male) |
| 3:24 | Build | House |
| 3:28 | Create | Villager (Male) |
| 4:00 | Create | Villager (Male) |
| 4:27 | Build | Dock |
| 4:31 | Create | Villager (Male) |
| 4:55 | Research | Double-Bit Axe |
| 4:55 | Research | Double-Bit Axe |
| 5:03 | Create | Villager (Male) |
| 5:23 | Build | House |
| 5:36 | Create | Villager (Male) |
| 5:36 | Create | Villager (Male) |
| 5:50 | Create | Villager (Male) |
| 5:50 | Create | Villager (Male) |
| 5:57 | Create | Fishing Ship |
| 6:17 | Create | Villager (Male) |
| 6:30 | Create | Villager (Male) |
| 6:35 | Create | Fishing Ship |
| 6:37 | Create | Villager (Male) |
| 6:46 | Build | House |
| 7:16 | Create | Fishing Ship |
| 7:18 | Create | Villager (Male) |
| 7:24 | Create | Villager (Male) |
| 7:24 | Create | Villager (Male) |
| 7:48 | Research | Loom |
| 8:22 | Research | Feudal Age |
| 8:42 | Build | Lumber Camp |
| 9:17 | Build | Dock |
| 9:33 | Create | Villager (Male) |
| 9:54 | Create | Villager (Male) |
| 10:08 | Build | Mining Camp |
| 10:23 | Create | Fishing Ship |
| 10:25 | Create | Fishing Ship |
| 10:26 | Build | House |
| 10:41 | Age | Feudal Age |
| 10:47 | Create | Villager (Male) |
| 10:51 | Build | Barracks |
| 11:02 | Create | Villager (Male) |
| 11:08 | Research | Bow Saw |
| 11:16 | Create | Fishing Ship |
| 11:18 | Create | Villager (Male) |
| 11:28 | Build | House |
| 11:35 | Create | Villager (Male) |
| 11:43 | Build | Stable |
| 11:59 | Build | Mill |
| 12:07 | Create | Unit 2626 |
| 12:25 | Create | Scout Cavalry |
| 12:38 | Create | Scout Cavalry |
| 12:39 | Create | Villager (Male) |
| 12:49 | Build | House |
| 12:51 | Build | Farm |
| 12:51 | Build | Farm |
| 12:51 | Build | Farm |
| 12:52 | Build | Farm |
| 12:52 | Research | Horse Collar |
| 13:19 | Create | Scout Cavalry |
| 13:22 | Build | Farm |
| 13:30 | Build | Farm |
| 13:31 | Build | Farm |
| 13:35 | Build | Farm |
| 13:40 | Create | Scout Cavalry |
| 14:00 | Create | Villager (Male) |
| 14:02 | Build | Farm |
| 14:06 | Build | Farm |
| 14:07 | Build | Farm |
| 14:07 | Build | Farm |
| 14:13 | Create | Villager (Male) |
| 14:18 | Build | House |
| 14:25 | Create | Villager (Male) |
| 14:30 | Create | Villager (Male) |
| 14:37 | Create | Villager (Male) |
| 14:44 | Build | Mill |
| 14:53 | Create | Scout Cavalry |
| 14:55 | Create | Villager (Male) |
| 14:58 | Build | Farm |
| 15:01 | Build | House |
| 15:10 | Create | Scout Cavalry |
| 15:30 | Build | Blacksmith |
| 16:07 | Create | Scout Cavalry |
| 16:08 | Create | Villager (Male) |
| 16:11 | Build | Farm |
| 16:22 | Build | Market |
| 16:27 | Build | House |
| 16:30 | Research | Scale Barding Armor |
| 16:32 | Create | Scout Cavalry |
| 16:51 | Build | Farm |
| 17:02 | Build | House |
| 17:03 | Create | Villager (Male) |
| 17:13 | Create | Villager (Male) |
| 17:44 | Build | House |
| 18:11 | Research | Castle Age |
| 18:11 | Research | Castle Age |
| 18:14 | Research | Gold Mining |
| 18:38 | Build | Stable |
| 18:43 | Research | Forging |
| 18:46 | Research | Heavy Plow |
| 19:04 | Research | Wheelbarrow |
| 19:10 | Build | House |
| 19:49 | Build | Stable |
| 19:55 | Build | Lumber Camp |
| 20:51 | Age | Castle Age |
| 20:53 | Research | Light Cavalry (upgrade) |
| 20:53 | Research | Cavalier (upgrade) |
| 20:55 | Research | Chain Barding Armor |
| 20:56 | Research | Husbandry |
| 21:03 | Create | Villager (Male) |
| 21:17 | Build | Farm |
| 21:29 | Create | Knight |
| 21:29 | Create | Knight |
| 21:30 | Create | Villager (Male) |
| 21:34 | Build | House |
| 21:42 | Create | Knight |
| 21:53 | Create | Knight |
| 22:11 | Create | Knight |
| 22:26 | Create | Scout Cavalry |
| 22:28 | Create | Villager (Male) |
| 22:31 | Build | Town Center |
| 22:43 | Create | Villager (Male) |
| 22:46 | Build | Town Center |
| 23:00 | Create | Knight |
| 23:14 | Create | Villager (Male) |
| 23:16 | Build | Farm |
| 23:17 | Build | Farm |
| 23:27 | Create | Knight |
| 23:33 | Create | Villager (Male) |
| 23:40 | Create | Knight |
| 23:53 | Create | Villager (Male) |
| 23:55 | Create | Villager (Male) |
| 24:08 | Create | Knight |
| 24:09 | Create | Villager (Male) |
| 24:12 | Create | Villager (Male) |
| 24:14 | Create | Villager (Male) |
| 24:21 | Create | Villager (Male) |
| 24:23 | Build | Farm |
| 24:23 | Build | Farm |
| 24:24 | Build | Farm |
| 24:24 | Build | Farm |
Build order — Longbow
First 150 of 176 actions detected
| 0:02 | Create | Villager (Male) |
| 0:02 | Create | Villager (Male) |
| 0:04 | Build | House |
| 0:05 | Build | House |
| 0:08 | Create | Villager (Male) |
| 0:08 | Create | Villager (Male) |
| 1:25 | Create | Villager (Male) |
| 1:52 | Build | Lumber Camp |
| 1:53 | Create | Villager (Male) |
| 2:21 | Create | Villager (Male) |
| 2:59 | Create | Villager (Male) |
| 2:59 | Create | Villager (Male) |
| 3:31 | Create | Villager (Male) |
| 3:31 | Create | Villager (Male) |
| 3:51 | Build | House |
| 4:02 | Create | Villager (Male) |
| 4:21 | Build | Dock |
| 4:41 | Create | Villager (Male) |
| 4:41 | Create | Villager (Male) |
| 4:47 | Build | House |
| 5:07 | Create | Villager (Male) |
| 5:13 | Create | Fishing Ship |
| 5:45 | Create | Fishing Ship |
| 5:52 | Create | Villager (Male) |
| 6:18 | Create | Villager (Male) |
| 6:29 | Create | Fishing Ship |
| 6:30 | Create | Villager (Male) |
| 6:53 | Create | Villager (Male) |
| 7:08 | Create | Fishing Ship |
| 7:14 | Create | Villager (Male) |
| 7:16 | Build | House |
| 7:21 | Create | Villager (Male) |
| 7:40 | Build | Palisade Wall |
| 7:43 | Build | Palisade Wall |
| 7:49 | Create | Villager (Male) |
| 7:50 | Build | Mill |
| 7:55 | Create | Fishing Ship |
| 8:11 | Build | House |
| 8:23 | Create | Villager (Male) |
| 8:38 | Build | Mill |
| 9:00 | Research | Loom |
| 9:19 | Build | Mining Camp |
| 9:32 | Research | Feudal Age |
| 9:57 | Build | Palisade Wall |
| 10:43 | Build | Barracks |
| 11:11 | Build | Palisade Wall |
| 11:16 | Build | Palisade Wall |
| 11:17 | Build | Palisade Wall |
| 11:18 | Build | Palisade Wall |
| 11:19 | Build | Palisade Wall |
| 11:19 | Build | Palisade Wall |
| 11:25 | Build | Palisade Wall |
| 11:26 | Build | Palisade Wall |
| 11:32 | Build | Palisade Wall |
| 11:32 | Build | Palisade Wall |
| 11:34 | Build | Palisade Wall |
| 11:35 | Build | Palisade Wall |
| 11:35 | Build | Palisade Wall |
| 11:42 | Age | Feudal Age |
| 11:44 | Create | Villager (Male) |
| 11:45 | Create | Spearman |
| 11:50 | Build | Stable |
| 12:11 | Create | Villager (Male) |
| 12:19 | Build | Palisade Wall |
| 12:23 | Create | Villager (Male) |
| 12:41 | Build | Blacksmith |
| 12:45 | Create | Villager (Male) |
| 13:08 | Create | Fishing Ship |
| 13:22 | Research | Castle Age |
| 13:22 | Research | Castle Age |
| 13:49 | Build | House |
| 13:50 | Build | Palisade Wall |
| 13:52 | Build | Palisade Wall |
| 13:53 | Research | Double-Bit Axe |
| 13:54 | Research | Double-Bit Axe |
| 13:56 | Create | Fishing Ship |
| 14:04 | Build | Farm |
| 14:05 | Build | Farm |
| 14:17 | Research | Horse Collar |
| 14:36 | Create | Spearman |
| 14:39 | Build | Palisade Wall |
| 14:40 | Build | Palisade Wall |
| 14:56 | Build | Farm |
| 14:57 | Build | Farm |
| 14:59 | Build | Farm |
| 15:07 | Build | Palisade Wall |
| 15:17 | Build | Palisade Wall |
| 15:22 | Build | Farm |
| 15:27 | Build | Palisade Wall |
| 16:06 | Age | Castle Age |
| 16:07 | Create | Villager (Male) |
| 16:07 | Create | Villager (Male) |
| 16:19 | Create | Knight |
| 16:42 | Build | Town Center |
| 16:45 | Create | Villager (Male) |
| 17:04 | Create | Villager (Male) |
| 17:06 | Create | Knight |
| 17:29 | Create | Knight |
| 17:32 | Create | Villager (Male) |
| 17:32 | Create | Villager (Male) |
| 17:45 | Create | Villager (Male) |
| 17:58 | Research | Bloodlines |
| 18:01 | Build | Lumber Camp |
| 18:11 | Build | Palisade Wall |
| 18:13 | Create | Knight |
| 18:18 | Create | Villager (Male) |
| 18:26 | Create | Villager (Male) |
| 18:30 | Build | Farm |
| 18:30 | Create | Villager (Male) |
| 18:42 | Create | Villager (Male) |
| 18:48 | Create | Knight |
| 18:59 | Build | House |
| 18:59 | Build | House |
| 19:04 | Create | Villager (Male) |
| 19:10 | Research | Wheelbarrow |
| 19:23 | Research | Scale Barding Armor |
| 19:24 | Create | Villager (Male) |
| 19:28 | Build | Town Center |
| 19:34 | Create | Villager (Male) |
| 19:35 | Create | Knight |
| 19:46 | Create | Villager (Male) |
| 19:56 | Build | Lumber Camp |
| 19:58 | Create | Villager (Male) |
| 20:22 | Create | Villager (Male) |
| 20:34 | Create | Villager (Male) |
| 20:44 | Build | Mining Camp |
| 20:49 | Create | Villager (Male) |
| 20:53 | Build | Farm |
| 20:54 | Build | Farm |
| 20:55 | Build | Farm |
| 21:07 | Build | Farm |
| 21:09 | Build | Farm |
| 21:21 | Build | Farm |
| 21:23 | Create | Villager (Male) |
| 21:28 | Build | Farm |
| 21:29 | Build | Farm |
| 21:30 | Build | Farm |
| 21:33 | Build | Farm |
| 21:36 | Create | Villager (Male) |
| 21:50 | Create | Villager (Male) |
| 21:51 | Build | Farm |
| 21:54 | Build | Farm |
| 21:55 | Build | Farm |
| 22:00 | Create | Villager (Male) |
| 22:00 | Create | Villager (Male) |
| 22:08 | Create | Villager (Male) |
| 22:08 | Create | Villager (Male) |
| 22:21 | Build | Farm |
| 22:21 | Build | Farm |
| 22:23 | Create | Villager (Male) |
Build order — |FMG| Nadie
First 150 of 157 actions detected
| 0:03 | Create | Villager (Male) |
| 0:06 | Build | House |
| 0:07 | Build | House |
| 0:12 | Create | Villager (Male) |
| 0:12 | Create | Villager (Male) |
| 0:12 | Create | Villager (Male) |
| 1:29 | Build | Lumber Camp |
| 1:31 | Create | Villager (Male) |
| 2:00 | Create | Villager (Male) |
| 2:28 | Create | Villager (Male) |
| 2:59 | Create | Villager (Male) |
| 3:31 | Create | Villager (Male) |
| 3:58 | Build | House |
| 4:11 | Create | Villager (Male) |
| 4:15 | Build | Dock |
| 4:36 | Create | Villager (Male) |
| 4:54 | Create | Fishing Ship |
| 5:05 | Create | Villager (Male) |
| 5:09 | Build | House |
| 5:21 | Create | Fishing Ship |
| 5:26 | Create | Villager (Male) |
| 5:47 | Create | Villager (Male) |
| 6:03 | Build | Mill |
| 6:18 | Create | Villager (Male) |
| 6:22 | Create | Villager (Male) |
| 6:37 | Create | Fishing Ship |
| 7:01 | Build | House |
| 7:19 | Create | Villager (Male) |
| 7:23 | Create | Fishing Ship |
| 7:40 | Create | Villager (Male) |
| 7:50 | Build | Mill |
| 7:53 | Create | Villager (Male) |
| 8:33 | Create | Villager (Male) |
| 9:06 | Create | Villager (Male) |
| 9:31 | Create | Villager (Male) |
| 9:40 | Build | Mining Camp |
| 9:49 | Research | Feudal Age |
| 9:56 | Build | Dock |
| 11:07 | Build | House |
| 12:06 | Age | Feudal Age |
| 12:09 | Create | Villager (Male) |
| 12:10 | Create | Villager (Male) |
| 12:24 | Create | Villager (Male) |
| 12:26 | Build | Market |
| 12:32 | Build | Blacksmith |
| 12:48 | Create | Fire Galley |
| 12:49 | Create | Fire Galley |
| 12:59 | Build | House |
| 13:01 | Research | Loom |
| 13:29 | Build | Palisade Wall |
| 13:35 | Research | Castle Age |
| 13:50 | Build | Lumber Camp |
| 15:01 | Create | Fire Galley |
| 15:01 | Create | Fire Galley |
| 15:17 | Research | Double-Bit Axe |
| 15:19 | Research | Horse Collar |
| 15:30 | Build | House |
| 15:31 | Build | House |
| 15:36 | Create | Villager (Male) |
| 15:58 | Create | Fire Galley |
| 16:14 | Age | Castle Age |
| 16:23 | Research | War Galley (upgrade) |
| 16:45 | Create | Villager (Male) |
| 17:00 | Create | Villager (Male) |
| 17:11 | Build | Town Center |
| 17:28 | Create | Villager (Male) |
| 17:49 | Build | Town Center |
| 17:55 | Create | Villager (Male) |
| 18:07 | Build | Lumber Camp |
| 18:12 | Create | Villager (Male) |
| 18:14 | Create | Villager (Male) |
| 18:18 | Build | Monastery |
| 18:42 | Create | Villager (Male) |
| 18:49 | Build | Farm |
| 18:50 | Build | Farm |
| 18:50 | Build | Farm |
| 18:50 | Build | Farm |
| 18:51 | Build | Farm |
| 18:51 | Build | Farm |
| 18:51 | Build | Farm |
| 18:51 | Build | Farm |
| 18:52 | Build | Farm |
| 18:52 | Build | Farm |
| 19:02 | Create | Villager (Male) |
| 19:08 | Create | Monk |
| 19:08 | Create | Monk |
| 19:10 | Create | Villager (Male) |
| 19:15 | Create | Villager (Male) |
| 19:15 | Create | Villager (Male) |
| 19:35 | Create | Villager (Male) |
| 19:38 | Build | Farm |
| 19:49 | Create | Villager (Male) |
| 19:55 | Build | House |
| 19:57 | Build | House |
| 20:00 | Build | Palisade Wall |
| 20:06 | Create | Monk |
| 20:16 | Create | Villager (Male) |
| 20:18 | Create | Villager (Male) |
| 20:20 | Build | Farm |
| 20:21 | Build | Farm |
| 20:21 | Build | Farm |
| 20:21 | Build | Farm |
| 20:21 | Build | Farm |
| 20:22 | Build | Farm |
| 20:29 | Create | Monk |
| 20:31 | Create | Villager (Male) |
| 20:35 | Build | Farm |
| 20:36 | Build | Farm |
| 20:36 | Build | Farm |
| 20:50 | Build | Farm |
| 20:51 | Create | Villager (Male) |
| 20:56 | Create | Monk |
| 20:56 | Create | Villager (Male) |
| 21:09 | Create | Villager (Male) |
| 21:12 | Build | Farm |
| 21:15 | Create | Villager (Male) |
| 21:16 | Create | Villager (Male) |
| 21:20 | Build | House |
| 21:21 | Build | House |
| 21:22 | Build | House |
| 21:23 | Build | House |
| 21:37 | Create | Villager (Male) |
| 21:41 | Research | Wheelbarrow |
| 21:41 | Research | Town Watch |
| 21:54 | Create | Villager (Male) |
| 21:54 | Create | Villager (Male) |
| 21:56 | Build | University |
| 22:05 | Create | Villager (Male) |
| 22:06 | Build | Lumber Camp |
| 22:29 | Create | Villager (Male) |
| 22:56 | Create | Villager (Male) |
| 22:56 | Create | Villager (Male) |
| 22:58 | Build | Farm |
| 22:59 | Build | Farm |
| 22:59 | Build | Farm |
| 22:59 | Build | Farm |
| 22:59 | Build | Farm |
| 23:00 | Build | Farm |
| 23:00 | Build | Farm |
| 23:01 | Create | Villager (Male) |
| 23:06 | Create | Villager (Male) |
| 23:18 | Create | Villager (Male) |
| 23:21 | Build | House |
| 23:22 | Build | House |
| 23:25 | Build | House |
| 23:26 | Create | Villager (Male) |
| 23:28 | Create | Villager (Male) |
| 23:43 | Create | Villager (Male) |
| 23:53 | Create | Villager (Male) |
| 23:57 | Create | Villager (Male) |
Build order — QNA | Apachai Hopachai
117 actions detected in the replay
| 0:02 | Create | Villager (Male) |
| 0:02 | Create | Villager (Male) |
| 0:03 | Create | Villager (Male) |
| 0:03 | Create | Villager (Male) |
| 0:04 | Build | House |
| 0:05 | Build | House |
| 1:32 | Create | Villager (Male) |
| 1:51 | Create | Villager (Male) |
| 2:02 | Build | Lumber Camp |
| 2:16 | Create | Villager (Male) |
| 2:32 | Create | Villager (Male) |
| 3:13 | Create | Villager (Male) |
| 3:24 | Create | Villager (Male) |
| 3:41 | Build | House |
| 3:55 | Create | Villager (Male) |
| 4:25 | Create | Villager (Male) |
| 4:35 | Build | Dock |
| 4:52 | Create | Villager (Male) |
| 5:17 | Create | Villager (Male) |
| 5:21 | Create | Fishing Ship |
| 5:41 | Create | Villager (Male) |
| 5:41 | Create | Villager (Male) |
| 6:33 | Create | Villager (Male) |
| 6:37 | Build | Mill |
| 7:07 | Create | Villager (Male) |
| 7:17 | Build | House |
| 7:33 | Create | Villager (Male) |
| 7:35 | Create | Villager (Male) |
| 8:06 | Build | House |
| 8:16 | Create | Villager (Male) |
| 8:23 | Create | Fishing Ship |
| 8:28 | Build | Mill |
| 8:49 | Create | Villager (Male) |
| 8:51 | Create | Villager (Male) |
| 8:58 | Research | Loom |
| 8:58 | Research | Feudal Age |
| 9:19 | Build | Lumber Camp |
| 10:27 | Build | Barracks |
| 10:39 | Build | House |
| 10:40 | Build | Palisade Wall |
| 10:43 | Build | Palisade Wall |
| 10:46 | Build | Palisade Wall |
| 10:48 | Build | Palisade Wall |
| 10:49 | Build | Palisade Wall |
| 10:50 | Build | Palisade Wall |
| 11:03 | Build | Mining Camp |
| 11:33 | Age | Feudal Age |
| 11:35 | Create | Spearman |
| 11:35 | Create | Spearman |
| 11:42 | Build | Palisade Gate |
| 11:47 | Build | Palisade Wall |
| 11:57 | Create | Spearman |
| 12:25 | Create | Spearman |
| 12:44 | Create | Spearman |
| 12:45 | Create | Villager (Male) |
| 12:55 | Create | Spearman |
| 13:05 | Create | Villager (Male) |
| 13:07 | Build | Farm |
| 13:08 | Build | Farm |
| 13:10 | Build | Farm |
| 13:17 | Build | Palisade Gate |
| 13:38 | Create | Villager (Male) |
| 13:41 | Build | Farm |
| 13:50 | Build | Palisade Wall |
| 13:51 | Create | Villager (Male) |
| 13:53 | Build | Farm |
| 14:07 | Build | Farm |
| 14:08 | Create | Villager (Male) |
| 14:15 | Build | Palisade Wall |
| 14:21 | Research | Double-Bit Axe |
| 14:25 | Build | Farm |
| 14:26 | Research | Horse Collar |
| 14:33 | Build | Farm |
| 14:34 | Create | Villager (Male) |
| 14:38 | Build | Dock |
| 14:46 | Create | Villager (Male) |
| 14:51 | Build | Farm |
| 14:53 | Create | Villager (Male) |
| 14:55 | Create | Spearman |
| 15:17 | Create | Fishing Ship |
| 15:23 | Build | House |
| 15:25 | Build | Mining Camp |
| 15:30 | Build | House |
| 15:39 | Create | Spearman |
| 15:42 | Create | Fishing Ship |
| 15:57 | Create | Villager (Male) |
| 16:37 | Create | Villager (Male) |
| 16:39 | Build | Market |
| 17:02 | Create | Villager (Male) |
| 17:05 | Build | Blacksmith |
| 17:25 | Create | Villager (Male) |
| 17:51 | Create | Spearman |
| 18:06 | Create | Spearman |
| 18:26 | Create | Villager (Male) |
| 18:27 | Build | Farm |
| 18:43 | Build | Farm |
| 18:53 | Create | Villager (Male) |
| 18:55 | Build | Farm |
| 19:04 | Create | Villager (Male) |
| 19:24 | Create | Villager (Male) |
| 19:36 | Create | Villager (Male) |
| 19:45 | Build | House |
| 19:49 | Research | Wheelbarrow |
| 20:23 | Create | Spearman |
| 20:28 | Build | House |
| 20:51 | Build | House |
| 20:53 | Build | Lumber Camp |
| 21:16 | Research | Castle Age |
| 21:30 | Create | Spearman |
| 21:47 | Research | Gold Mining |
| 22:16 | Create | Spearman |
| 22:42 | Build | House |
| 22:46 | Build | House |
| 22:50 | Build | House |
| 23:45 | Create | Spearman |
| 23:56 | Age | Castle Age |
| 24:07 | Build | Castle |
Build order — FMG | GreatMaty
First 150 of 159 actions detected
| 0:01 | Create | Villager (Male) |
| 0:02 | Create | Villager (Male) |
| 0:02 | Build | House |
| 0:04 | Build | House |
| 0:08 | Create | Villager (Male) |
| 0:09 | Create | Villager (Male) |
| 0:09 | Create | Villager (Male) |
| 1:03 | Create | Villager (Male) |
| 1:31 | Create | Villager (Male) |
| 1:31 | Create | Villager (Male) |
| 2:19 | Create | Villager (Male) |
| 2:22 | Build | Settlement |
| 2:31 | Create | Villager (Male) |
| 2:49 | Create | Villager (Male) |
| 3:14 | Create | Villager (Male) |
| 3:43 | Create | Villager (Male) |
| 3:57 | Create | Villager (Male) |
| 4:14 | Create | Villager (Male) |
| 4:33 | Create | Villager (Male) |
| 4:47 | Create | Villager (Male) |
| 5:39 | Build | Settlement |
| 5:59 | Research | Loom |
| 6:35 | Research | Feudal Age |
| 6:35 | Research | Feudal Age |
| 7:36 | Build | Barracks |
| 7:59 | Create | Villager (Male) |
| 8:51 | Age | Feudal Age |
| 8:53 | Build | Archery Range |
| 8:55 | Build | Archery Range |
| 9:02 | Create | Villager (Male) |
| 9:06 | Build | House |
| 9:30 | Create | Villager (Male) |
| 9:46 | Create | Archer |
| 9:47 | Create | Archer |
| 9:58 | Build | Blacksmith |
| 10:03 | Create | Villager (Male) |
| 10:16 | Create | Archer |
| 10:16 | Create | Archer |
| 10:28 | Create | Villager (Male) |
| 10:34 | Create | Archer |
| 10:35 | Create | Archer |
| 10:53 | Create | Villager (Male) |
| 11:08 | Research | Fletching |
| 11:08 | Research | Fletching |
| 11:11 | Build | House |
| 11:16 | Create | Archer |
| 11:40 | Create | Archer |
| 12:14 | Create | Archer |
| 12:14 | Create | Archer |
| 12:19 | Create | Villager (Male) |
| 12:36 | Create | Archer |
| 12:36 | Create | Archer |
| 12:51 | Create | Villager (Male) |
| 12:53 | Build | House |
| 13:07 | Create | Villager (Male) |
| 13:09 | Create | Archer |
| 13:09 | Create | Archer |
| 13:29 | Create | Archer |
| 13:29 | Create | Archer |
| 13:30 | Create | Villager (Male) |
| 13:33 | Build | Settlement |
| 13:38 | Create | Archer |
| 13:38 | Create | Archer |
| 13:44 | Create | Villager (Male) |
| 13:53 | Build | House |
| 13:53 | Build | House |
| 13:58 | Build | House |
| 14:10 | Research | Horse Collar |
| 14:12 | Research | Double-Bit Axe |
| 14:17 | Create | Archer |
| 14:17 | Create | Archer |
| 14:32 | Create | Archer |
| 14:32 | Create | Archer |
| 14:37 | Build | House |
| 14:41 | Create | Villager (Male) |
| 14:41 | Create | Villager (Male) |
| 14:42 | Create | Villager (Male) |
| 14:48 | Build | Farm |
| 14:49 | Build | Farm |
| 14:49 | Build | Farm |
| 14:49 | Build | Farm |
| 14:49 | Build | Farm |
| 15:10 | Create | Villager (Male) |
| 15:11 | Create | Archer |
| 15:45 | Create | Villager (Male) |
| 16:05 | Create | Archer |
| 16:05 | Create | Archer |
| 16:08 | Build | Farm |
| 16:09 | Build | Farm |
| 16:19 | Create | Archer |
| 16:20 | Create | Villager (Male) |
| 16:23 | Build | Farm |
| 16:27 | Build | House |
| 16:28 | Build | House |
| 16:33 | Build | Palisade Wall |
| 16:36 | Create | Archer |
| 16:55 | Create | Villager (Male) |
| 16:55 | Create | Villager (Male) |
| 17:11 | Create | Villager (Male) |
| 17:12 | Create | Villager (Male) |
| 17:12 | Create | Archer |
| 17:12 | Create | Archer |
| 17:16 | Build | Farm |
| 17:29 | Create | Archer |
| 17:30 | Create | Archer |
| 17:42 | Create | Villager (Male) |
| 17:43 | Create | Archer |
| 17:47 | Build | House |
| 18:00 | Create | Villager (Male) |
| 18:02 | Build | Farm |
| 18:03 | Build | Farm |
| 18:39 | Create | Villager (Male) |
| 18:42 | Create | Archer |
| 18:57 | Build | Market |
| 18:59 | Create | Villager (Male) |
| 19:14 | Build | Palisade Wall |
| 19:19 | Create | Archer |
| 19:20 | Create | Archer |
| 19:23 | Build | Palisade Wall |
| 19:24 | Build | Palisade Wall |
| 19:25 | Build | Palisade Wall |
| 19:28 | Build | Palisade Wall |
| 19:29 | Build | Palisade Wall |
| 19:34 | Create | Villager (Male) |
| 19:36 | Create | Archer |
| 19:38 | Build | Farm |
| 20:04 | Build | Palisade Wall |
| 20:04 | Build | Palisade Wall |
| 20:21 | Research | Castle Age |
| 20:22 | Research | Castle Age |
| 21:02 | Research | Padded Archer Armor |
| 21:02 | Research | Padded Archer Armor |
| 21:03 | Create | Archer |
| 21:03 | Create | Archer |
| 21:04 | Build | Palisade Wall |
| 21:13 | Create | Villager (Male) |
| 21:14 | Create | Archer |
| 21:16 | Build | House |
| 21:55 | Create | Villager (Male) |
| 21:59 | Build | Outpost |
| 22:07 | Build | Settlement |
| 22:18 | Research | Horse Collar |
| 22:21 | Research | Gold Mining |
| 22:21 | Research | Gold Mining |
| 22:28 | Build | Outpost |
| 23:01 | Build | Settlement |
| 23:01 | Age | Castle Age |
| 23:04 | Research | Crossbowman (upgrade) |
| 23:19 | Research | Bodkin Arrow |
| 23:19 | Research | Bodkin Arrow |
Build order — APZz_
First 150 of 152 actions detected
| 0:01 | Create | Villager (Male) |
| 0:02 | Create | Villager (Male) |
| 0:03 | Build | House |
| 0:05 | Build | House |
| 0:19 | Create | Villager (Male) |
| 0:28 | Create | Villager (Male) |
| 1:30 | Create | Villager (Male) |
| 1:52 | Create | Villager (Male) |
| 2:21 | Create | Villager (Male) |
| 2:28 | Build | Settlement |
| 2:53 | Create | Villager (Male) |
| 3:20 | Create | Villager (Male) |
| 3:44 | Create | Villager (Male) |
| 4:04 | Create | Villager (Male) |
| 4:24 | Create | Villager (Male) |
| 4:49 | Build | Dock |
| 4:54 | Create | Villager (Male) |
| 4:54 | Create | Villager (Male) |
| 4:54 | Create | Villager (Male) |
| 5:12 | Create | Villager (Male) |
| 5:12 | Create | Villager (Male) |
| 5:37 | Create | Fishing Ship |
| 5:44 | Create | Villager (Male) |
| 6:12 | Create | Villager (Male) |
| 6:13 | Create | Fishing Ship |
| 6:34 | Create | Villager (Male) |
| 6:59 | Create | Fishing Ship |
| 7:11 | Create | Villager (Male) |
| 7:24 | Build | House |
| 7:32 | Research | Loom |
| 8:01 | Research | Feudal Age |
| 8:01 | Research | Feudal Age |
| 9:00 | Build | Barracks |
| 9:40 | Create | Villager (Male) |
| 9:43 | Build | Palisade Wall |
| 9:45 | Build | Palisade Wall |
| 9:46 | Build | Palisade Wall |
| 10:11 | Age | Feudal Age |
| 10:12 | Build | House |
| 10:13 | Create | Unit 2550 |
| 10:16 | Create | Skirmisher |
| 10:17 | Create | Skirmisher |
| 10:19 | Research | Double-Bit Axe |
| 10:19 | Research | Double-Bit Axe |
| 10:20 | Create | Villager (Male) |
| 10:34 | Build | House |
| 10:38 | Create | Villager (Male) |
| 10:57 | Create | Villager (Male) |
| 11:00 | Create | Unit 2550 |
| 11:11 | Create | Fishing Ship |
| 11:15 | Build | House |
| 11:21 | Create | Skirmisher |
| 11:38 | Create | Villager (Male) |
| 11:42 | Create | Unit 2550 |
| 11:57 | Build | Settlement |
| 12:16 | Create | Villager (Male) |
| 12:25 | Create | Skirmisher |
| 12:25 | Create | Villager (Male) |
| 12:50 | Build | Watch Tower |
| 12:58 | Create | Villager (Male) |
| 13:11 | Build | House |
| 13:20 | Create | Villager (Male) |
| 13:39 | Research | Double-Bit Axe |
| 13:46 | Create | Villager (Male) |
| 13:54 | Build | Dock |
| 14:00 | Build | Dock |
| 14:02 | Create | Villager (Male) |
| 14:03 | Build | Farm |
| 14:05 | Build | Farm |
| 14:08 | Build | Farm |
| 14:10 | Build | Farm |
| 14:11 | Build | Farm |
| 14:33 | Create | Unit 2550 |
| 14:38 | Create | Unit 2550 |
| 14:38 | Create | Villager (Male) |
| 14:50 | Create | Fishing Ship |
| 14:50 | Create | Fishing Ship |
| 14:55 | Research | Horse Collar |
| 14:56 | Research | Horse Collar |
| 15:13 | Create | Villager (Male) |
| 15:24 | Create | Villager (Male) |
| 15:27 | Build | Farm |
| 15:28 | Build | Farm |
| 15:37 | Create | Unit 2550 |
| 15:39 | Create | Villager (Male) |
| 15:56 | Build | Watch Tower |
| 15:56 | Create | Villager (Male) |
| 16:02 | Research | Tech 1402 |
| 16:02 | Research | Tech 1402 |
| 16:05 | Build | Blacksmith |
| 16:07 | Build | Farm |
| 16:09 | Build | Farm |
| 16:11 | Build | Farm |
| 16:14 | Create | Villager (Male) |
| 16:24 | Build | Farm |
| 16:49 | Create | Villager (Male) |
| 17:05 | Create | Villager (Male) |
| 17:21 | Create | Villager (Male) |
| 17:32 | Create | Unit 2550 |
| 17:36 | Create | Villager (Male) |
| 17:38 | Build | Farm |
| 17:43 | Create | Galley |
| 17:46 | Create | Villager (Male) |
| 17:56 | Create | Villager (Male) |
| 18:09 | Build | House |
| 18:14 | Build | Settlement |
| 18:16 | Create | Villager (Male) |
| 18:40 | Build | Fish Trap |
| 18:43 | Build | Fish Trap |
| 18:47 | Create | Villager (Male) |
| 18:51 | Build | Fish Trap |
| 18:52 | Build | Fish Trap |
| 18:54 | Build | Fish Trap |
| 19:14 | Create | Demolition Raft |
| 19:20 | Create | Villager (Male) |
| 19:37 | Build | Farm |
| 19:50 | Create | Unit 2550 |
| 19:56 | Create | Villager (Male) |
| 20:02 | Build | Settlement |
| 20:07 | Create | Unit 2550 |
| 20:14 | Build | Fish Trap |
| 20:17 | Build | Palisade Wall |
| 20:20 | Build | House |
| 20:21 | Build | House |
| 20:29 | Build | Palisade Gate |
| 20:39 | Create | Villager (Male) |
| 20:55 | Create | Villager (Male) |
| 21:00 | Create | Unit 2550 |
| 21:01 | Create | Villager (Male) |
| 21:18 | Build | House |
| 21:22 | Build | Palisade Wall |
| 21:23 | Build | House |
| 21:34 | Build | House |
| 21:42 | Create | Unit 2550 |
| 21:43 | Create | Villager (Male) |
| 21:51 | Create | Villager (Male) |
| 21:59 | Create | Villager (Male) |
| 22:15 | Build | House |
| 22:16 | Build | House |
| 22:18 | Build | Palisade Wall |
| 22:20 | Build | Palisade Wall |
| 22:22 | Build | Palisade Wall |
| 22:31 | Create | Villager (Male) |
| 22:59 | Build | House |
| 23:03 | Create | Villager (Male) |
| 23:13 | Create | Villager (Male) |
| 23:20 | Create | Unit 2550 |
| 23:20 | Create | Villager (Male) |
| 23:22 | Build | Market |
| 23:40 | Create | Galley |
Build order — |FMG| twitch/JabsUY
149 actions detected in the replay
| 0:01 | Create | Villager (Male) |
| 0:03 | Build | House |
| 0:04 | Build | House |
| 0:10 | Create | Villager (Male) |
| 0:10 | Create | Villager (Male) |
| 0:14 | Create | Villager (Male) |
| 0:14 | Create | Villager (Male) |
| 0:55 | Build | Mill |
| 1:33 | Create | Villager (Male) |
| 1:33 | Create | Villager (Male) |
| 1:58 | Create | Villager (Male) |
| 1:58 | Create | Villager (Male) |
| 2:27 | Create | Villager (Male) |
| 2:27 | Create | Villager (Male) |
| 2:44 | Create | Villager (Male) |
| 2:44 | Create | Villager (Male) |
| 2:53 | Create | Villager (Male) |
| 2:53 | Create | Villager (Male) |
| 3:24 | Build | House |
| 3:27 | Create | Villager (Male) |
| 3:27 | Create | Villager (Male) |
| 3:53 | Create | Villager (Male) |
| 3:53 | Create | Villager (Male) |
| 4:04 | Build | Lumber Camp |
| 4:07 | Create | Villager (Male) |
| 4:07 | Create | Villager (Male) |
| 4:46 | Create | Villager (Male) |
| 4:47 | Create | Villager (Male) |
| 4:47 | Create | Villager (Male) |
| 6:01 | Research | Loom |
| 6:24 | Research | Feudal Age |
| 7:08 | Build | House |
| 7:14 | Build | Barracks |
| 7:48 | Build | Palisade Wall |
| 7:48 | Build | Palisade Wall |
| 7:59 | Create | Villager (Male) |
| 8:51 | Age | Feudal Age |
| 8:54 | Build | Stable |
| 8:56 | Create | Villager (Male) |
| 9:12 | Build | Palisade Wall |
| 9:15 | Research | Double-Bit Axe |
| 9:25 | Research | Horse Collar |
| 9:37 | Create | Scout Cavalry |
| 9:37 | Create | Scout Cavalry |
| 9:55 | Create | Villager (Male) |
| 9:57 | Build | Farm |
| 10:15 | Build | Farm |
| 10:15 | Create | Villager (Male) |
| 10:20 | Create | Scout Cavalry |
| 10:26 | Build | Mill |
| 10:34 | Build | House |
| 10:36 | Build | Palisade Wall |
| 10:37 | Create | Villager (Male) |
| 10:45 | Create | Villager (Male) |
| 11:12 | Research | Wheelbarrow |
| 11:15 | Build | Farm |
| 11:25 | Create | Villager (Male) |
| 11:28 | Build | Farm |
| 12:01 | Create | Villager (Male) |
| 12:03 | Create | Villager (Male) |
| 12:22 | Create | Villager (Male) |
| 12:41 | Create | Villager (Male) |
| 13:09 | Build | Farm |
| 13:18 | Create | Scout Cavalry |
| 13:43 | Build | Farm |
| 13:46 | Build | Farm |
| 13:48 | Build | Farm |
| 13:49 | Build | Farm |
| 13:49 | Build | Farm |
| 13:49 | Build | Farm |
| 13:51 | Build | House |
| 13:58 | Create | Villager (Male) |
| 14:01 | Build | Farm |
| 14:28 | Build | Farm |
| 14:28 | Build | Farm |
| 14:49 | Create | Villager (Male) |
| 14:53 | Build | House |
| 14:55 | Build | Palisade Wall |
| 14:56 | Build | Palisade Wall |
| 15:03 | Create | Villager (Male) |
| 15:13 | Build | Mining Camp |
| 15:57 | Create | Villager (Male) |
| 15:58 | Create | Villager (Male) |
| 16:04 | Build | House |
| 16:08 | Build | Palisade Wall |
| 16:10 | Build | Palisade Wall |
| 16:24 | Build | Market |
| 16:27 | Build | House |
| 16:30 | Create | Villager (Male) |
| 16:48 | Build | Lumber Camp |
| 16:54 | Create | Villager (Male) |
| 17:36 | Build | House |
| 17:37 | Build | Palisade Wall |
| 17:41 | Research | Castle Age |
| 17:49 | Build | Stable |
| 18:13 | Create | Villager (Male) |
| 18:47 | Build | Stable |
| 18:50 | Research | Bloodlines |
| 19:16 | Build | Blacksmith |
| 19:36 | Create | Villager (Male) |
| 20:07 | Research | Gold Mining |
| 20:21 | Age | Castle Age |
| 20:23 | Create | Camel Scout |
| 20:23 | Create | Camel Scout |
| 20:24 | Create | Camel Scout |
| 20:28 | Build | House |
| 20:30 | Build | Palisade Wall |
| 20:32 | Build | House |
| 20:34 | Build | House |
| 20:36 | Build | Palisade Wall |
| 20:40 | Build | House |
| 20:43 | Build | Palisade Wall |
| 20:45 | Create | Camel Scout |
| 21:00 | Create | Camel Scout |
| 21:01 | Create | Camel Scout |
| 21:04 | Create | Villager (Male) |
| 21:23 | Create | Camel Scout |
| 21:23 | Create | Camel Scout |
| 21:24 | Create | Scout Cavalry |
| 21:39 | Create | Villager (Male) |
| 21:41 | Create | Villager (Male) |
| 21:45 | Create | Camel Scout |
| 21:45 | Create | Camel Scout |
| 21:47 | Research | Husbandry |
| 21:51 | Create | Villager (Male) |
| 22:02 | Build | Town Center |
| 22:03 | Create | Villager (Male) |
| 22:04 | Create | Villager (Male) |
| 22:04 | Create | Villager (Male) |
| 22:09 | Create | Camel Scout |
| 22:09 | Create | Camel Scout |
| 22:19 | Research | Scale Barding Armor |
| 22:23 | Build | House |
| 22:33 | Create | Villager (Male) |
| 22:51 | Build | House |
| 22:54 | Create | Villager (Male) |
| 23:06 | Create | Knight |
| 23:06 | Create | Knight |
| 23:06 | Create | Knight |
| 23:06 | Create | Knight |
| 23:17 | Create | Villager (Male) |
| 23:17 | Create | Villager (Male) |
| 23:55 | Create | Villager (Male) |
| 23:59 | Research | Forging |
| 24:17 | Create | Villager (Male) |
| 24:17 | Create | Villager (Male) |
| 24:20 | Build | Farm |
| 24:32 | Create | Villager (Male) |
| 24:32 | Create | Villager (Male) |
Build order — INDIO
First 150 of 151 actions detected
| 0:03 | Create | Villager (Male) |
| 0:03 | Create | Villager (Male) |
| 0:04 | Build | House |
| 0:06 | Build | House |
| 0:16 | Create | Villager (Male) |
| 0:16 | Create | Villager (Male) |
| 0:16 | Create | Villager (Male) |
| 1:31 | Create | Villager (Male) |
| 2:03 | Create | Villager (Male) |
| 2:40 | Create | Villager (Male) |
| 2:40 | Create | Villager (Male) |
| 2:45 | Build | Lumber Camp |
| 2:58 | Create | Villager (Male) |
| 3:47 | Create | Villager (Male) |
| 3:47 | Create | Villager (Male) |
| 4:00 | Build | House |
| 4:16 | Create | Villager (Male) |
| 4:44 | Create | Villager (Male) |
| 4:47 | Build | Mill |
| 5:17 | Create | Villager (Male) |
| 5:35 | Create | Villager (Male) |
| 5:35 | Create | Villager (Male) |
| 5:36 | Create | Villager (Male) |
| 5:41 | Build | House |
| 5:51 | Create | Villager (Male) |
| 6:22 | Build | Dock |
| 6:26 | Create | Villager (Male) |
| 7:00 | Create | Villager (Male) |
| 7:06 | Create | Fishing Ship |
| 7:28 | Create | Villager (Male) |
| 7:54 | Create | Fishing Ship |
| 7:56 | Create | Villager (Male) |
| 8:31 | Create | Villager (Male) |
| 8:34 | Build | Mill |
| 8:52 | Research | Loom |
| 8:54 | Research | Feudal Age |
| 9:38 | Build | Mining Camp |
| 10:30 | Build | Barracks |
| 10:47 | Create | Villager (Male) |
| 11:07 | Build | House |
| 11:10 | Build | House |
| 11:11 | Build | Palisade Wall |
| 11:30 | Age | Feudal Age |
| 11:43 | Build | Archery Range |
| 11:47 | Create | Villager (Male) |
| 11:48 | Research | Double-Bit Axe |
| 11:54 | Build | Archery Range |
| 12:12 | Build | Blacksmith |
| 12:13 | Create | Villager (Male) |
| 12:26 | Build | House |
| 12:29 | Build | Palisade Gate |
| 12:30 | Create | Spearman |
| 12:34 | Create | Archer |
| 12:40 | Build | House |
| 12:42 | Create | Villager (Male) |
| 12:46 | Create | Archer |
| 12:59 | Create | Villager (Male) |
| 13:03 | Create | Archer |
| 13:04 | Create | Archer |
| 13:07 | Create | Villager (Male) |
| 13:16 | Create | Spearman |
| 13:21 | Build | Palisade Wall |
| 13:22 | Build | Palisade Wall |
| 13:27 | Build | House |
| 13:29 | Build | Palisade Gate |
| 13:33 | Build | House |
| 13:36 | Create | Archer |
| 13:36 | Create | Archer |
| 13:52 | Research | Fletching |
| 13:54 | Create | Villager (Male) |
| 14:08 | Build | Palisade Wall |
| 14:09 | Create | Villager (Male) |
| 14:19 | Create | Villager (Male) |
| 14:28 | Create | Fishing Ship |
| 14:33 | Build | Farm |
| 14:35 | Create | Archer |
| 14:36 | Create | Archer |
| 14:48 | Create | Archer |
| 14:59 | Research | Padded Archer Armor |
| 15:02 | Create | Archer |
| 15:11 | Build | Farm |
| 15:20 | Create | Archer |
| 15:28 | Create | Villager (Male) |
| 16:13 | Create | Villager (Male) |
| 16:20 | Build | Farm |
| 16:21 | Build | Farm |
| 16:23 | Build | Farm |
| 16:23 | Build | Farm |
| 16:25 | Build | Farm |
| 16:25 | Build | Farm |
| 16:26 | Create | Archer |
| 16:27 | Create | Archer |
| 16:42 | Build | Lumber Camp |
| 17:14 | Build | Farm |
| 17:17 | Create | Archer |
| 17:17 | Create | Archer |
| 17:21 | Build | House |
| 17:26 | Build | Palisade Wall |
| 17:28 | Build | Palisade Wall |
| 17:31 | Build | House |
| 17:34 | Build | Palisade Wall |
| 17:40 | Create | Spearman |
| 17:52 | Create | Villager (Male) |
| 17:55 | Build | Farm |
| 17:57 | Build | Farm |
| 18:03 | Build | Farm |
| 18:24 | Build | Farm |
| 19:03 | Research | Castle Age |
| 20:28 | Create | Spearman |
| 20:37 | Build | Palisade Gate |
| 20:39 | Create | Spearman |
| 21:43 | Age | Castle Age |
| 21:44 | Research | Bow Saw |
| 21:46 | Build | Town Center |
| 21:53 | Build | Town Center |
| 21:54 | Create | Villager (Male) |
| 21:57 | Build | Farm |
| 21:58 | Build | Farm |
| 22:00 | Research | Wheelbarrow |
| 22:07 | Create | Elephant Archer |
| 22:07 | Create | Elephant Archer |
| 22:07 | Create | Elephant Archer |
| 22:08 | Create | Elephant Archer |
| 22:18 | Research | Bodkin Arrow |
| 22:26 | Create | Villager (Male) |
| 22:26 | Create | Villager (Male) |
| 22:26 | Create | Villager (Male) |
| 22:26 | Create | Villager (Male) |
| 22:49 | Create | Villager (Male) |
| 23:02 | Create | Villager (Male) |
| 23:03 | Create | Villager (Male) |
| 23:07 | Build | Farm |
| 23:07 | Build | Farm |
| 23:08 | Build | Farm |
| 23:08 | Build | Farm |
| 23:16 | Build | Farm |
| 23:16 | Build | Farm |
| 23:16 | Build | Farm |
| 23:17 | Build | Farm |
| 23:19 | Create | Villager (Male) |
| 23:23 | Build | Farm |
| 23:27 | Create | Villager (Male) |
| 23:27 | Create | Villager (Male) |
| 23:27 | Create | Villager (Male) |
| 23:34 | Build | Farm |
| 23:35 | Build | Farm |
| 23:41 | Create | Elephant Archer |
| 23:45 | Build | Farm |
| 23:49 | Create | Villager (Male) |
| 23:56 | Build | Farm |
Match timeline
| 4:15 | |FMG| Nadie · first_building Dock |
| 4:21 | Longbow · first_building Dock |
| 4:27 | |FMG| TINCHO · first_building Dock |
| 4:35 | QNA | Apachai Hopachai · first_building Dock |
| 4:49 | APZz_ · first_building Dock |
| 6:22 | INDIO · first_building Dock |
| 7:14 | |FMG| twitch/JabsUY · first_building Barracks |
| 7:36 | FMG | GreatMaty · first_building Barracks |
| 7:40 | Longbow · wall_segment Palisade Wall x1 |
| 7:43 | Longbow · wall_segment Palisade Wall x1 |
| 7:48 | |FMG| twitch/JabsUY · wall_segment Palisade Wall x1 |
| 7:48 | |FMG| twitch/JabsUY · wall_segment Palisade Wall x1 |
| 8:51 | |FMG| twitch/JabsUY · age_up feudal |
| 8:51 | FMG | GreatMaty · age_up feudal |
| 8:53 | FMG | GreatMaty · first_building Archery Range |
| 8:54 | |FMG| twitch/JabsUY · first_building Stable |
| 9:00 | APZz_ · first_building Barracks |
| 9:12 | |FMG| twitch/JabsUY · wall_segment Palisade Wall x4 |
| 9:43 | APZz_ · wall_segment Palisade Wall x1 |
| 9:45 | APZz_ · wall_segment Palisade Wall x1 |
| 9:46 | APZz_ · wall_segment Palisade Wall x1 |
| 9:57 | Longbow · wall_segment Palisade Wall x12 |
| 10:11 | APZz_ · age_up feudal |
| 10:27 | QNA | Apachai Hopachai · first_building Barracks |
| 10:30 | INDIO · first_building Barracks |
| 10:36 | |FMG| twitch/JabsUY · wall_segment Palisade Wall x4 |
| 10:40 | QNA | Apachai Hopachai · wall_segment Palisade Wall x1 |
| 10:41 | |FMG| TINCHO · age_up feudal |
| 10:43 | QNA | Apachai Hopachai · wall_segment Palisade Wall x1 |
| 10:43 | Longbow · first_building Barracks |
| 10:46 | QNA | Apachai Hopachai · wall_segment Palisade Wall x1 |
| 10:48 | QNA | Apachai Hopachai · wall_segment Palisade Wall x1 |
| 10:49 | QNA | Apachai Hopachai · wall_segment Palisade Wall x1 |
| 10:50 | QNA | Apachai Hopachai · wall_segment Palisade Wall x1 |
| 10:51 | |FMG| TINCHO · first_building Barracks |
| 11:11 | Longbow · wall_segment Palisade Wall x6 |
| 11:11 | INDIO · wall_segment Palisade Wall x1 |
| 11:16 | Longbow · wall_segment Palisade Wall x1 |
| 11:17 | Longbow · wall_segment Palisade Wall x1 |
| 11:18 | Longbow · wall_segment Palisade Wall x1 |
| 11:19 | Longbow · wall_segment Palisade Wall x1 |
| 11:19 | Longbow · wall_segment Palisade Wall x1 |
| 11:25 | Longbow · wall_segment Palisade Wall x1 |
| 11:26 | Longbow · wall_segment Palisade Wall x1 |
| 11:30 | INDIO · age_up feudal |
| 11:32 | Longbow · wall_segment Palisade Wall x1 |
| 11:32 | Longbow · wall_segment Palisade Wall x1 |
| 11:33 | QNA | Apachai Hopachai · age_up feudal |
| 11:34 | Longbow · wall_segment Palisade Wall x1 |
| 11:35 | Longbow · wall_segment Palisade Wall x1 |
| 11:35 | Longbow · wall_segment Palisade Wall x1 |
| 11:42 | Longbow · age_up feudal |
| 11:43 | |FMG| TINCHO · first_building Stable |
| 11:43 | INDIO · first_building Archery Range |
| 11:47 | QNA | Apachai Hopachai · wall_segment Palisade Wall x1 |
| 11:50 | Longbow · first_building Stable |
| 12:06 | |FMG| Nadie · age_up feudal |
| 12:19 | Longbow · wall_segment Palisade Wall x1 |
| 13:21 | INDIO · wall_segment Palisade Wall x9 |
| 13:22 | INDIO · wall_segment Palisade Wall x2 |
| 13:29 | |FMG| Nadie · wall_segment Palisade Wall x10 |
| 13:50 | QNA | Apachai Hopachai · wall_segment Palisade Wall x1 |
| 13:50 | Longbow · wall_segment Palisade Wall x3 |
| 13:52 | Longbow · wall_segment Palisade Wall x1 |
| 14:08 | INDIO · wall_segment Palisade Wall x16 |
| 14:15 | QNA | Apachai Hopachai · wall_segment Palisade Wall x1 |
| 14:39 | Longbow · wall_segment Palisade Wall x1 |
| 14:40 | Longbow · wall_segment Palisade Wall x1 |
| 14:55 | |FMG| twitch/JabsUY · wall_segment Palisade Wall x1 |
| 14:56 | |FMG| twitch/JabsUY · wall_segment Palisade Wall x3 |
| 15:07 | Longbow · wall_segment Palisade Wall x1 |
| 15:17 | Longbow · wall_segment Palisade Wall x1 |
| 15:27 | Longbow · wall_segment Palisade Wall x1 |
| 16:06 | Longbow · age_up castle |
| 16:08 | |FMG| twitch/JabsUY · wall_segment Palisade Wall x1 |
| 16:10 | |FMG| twitch/JabsUY · wall_segment Palisade Wall x3 |
| 16:14 | |FMG| Nadie · age_up castle |
| 16:33 | FMG | GreatMaty · wall_segment Palisade Wall x6 |
| 17:26 | INDIO · wall_segment Palisade Wall x1 |
| 17:28 | INDIO · wall_segment Palisade Wall x1 |
| 17:34 | INDIO · wall_segment Palisade Wall x1 |
| 17:37 | |FMG| twitch/JabsUY · wall_segment Palisade Wall x6 |
| 18:11 | Longbow · wall_segment Palisade Wall x1 |
| 18:16 | |FMG| Nadie · first_market_buy 100 wood |
| 18:18 | |FMG| Nadie · first_building Monastery |
| 19:14 | FMG | GreatMaty · wall_segment Palisade Wall x1 |
| 19:23 | FMG | GreatMaty · wall_segment Palisade Wall x4 |
| 19:24 | FMG | GreatMaty · wall_segment Palisade Wall x6 |
| 19:25 | FMG | GreatMaty · wall_segment Palisade Wall x5 |
| 19:28 | FMG | GreatMaty · wall_segment Palisade Wall x6 |
| 19:29 | FMG | GreatMaty · wall_segment Palisade Wall x1 |
| 19:49 | FMG | GreatMaty · first_market_buy 500 food |
| 19:49 | FMG | GreatMaty · first_market_sell 500 stone |
| 20:00 | |FMG| Nadie · wall_segment Palisade Wall x9 |
| 20:04 | FMG | GreatMaty · wall_segment Palisade Wall x1 |
| 20:04 | FMG | GreatMaty · wall_segment Palisade Wall x1 |
| 20:08 | |FMG| Nadie · first_market_sell 100 wood |
| 20:17 | APZz_ · wall_segment Palisade Wall x1 |
| 20:21 | |FMG| twitch/JabsUY · age_up castle |
| 20:30 | |FMG| twitch/JabsUY · wall_segment Palisade Wall x1 |
| 20:36 | |FMG| twitch/JabsUY · wall_segment Palisade Wall x1 |
| 20:43 | |FMG| twitch/JabsUY · wall_segment Palisade Wall x1 |
| 20:51 | |FMG| TINCHO · age_up castle |
| 21:04 | FMG | GreatMaty · wall_segment Palisade Wall x1 |
| 21:08 | QNA | Apachai Hopachai · first_market_buy 100 food |
| 21:11 | QNA | Apachai Hopachai · first_market_sell 100 wood |
| 21:22 | APZz_ · wall_segment Palisade Wall x1 |
| 21:43 | INDIO · age_up castle |
| 22:18 | APZz_ · wall_segment Palisade Wall x2 |
| 22:20 | APZz_ · wall_segment Palisade Wall x1 |
| 22:22 | APZz_ · wall_segment Palisade Wall x1 |
| 23:01 | FMG | GreatMaty · age_up castle |
| 23:56 | QNA | Apachai Hopachai · age_up castle |
| 24:07 | QNA | Apachai Hopachai · first_building Castle |
| 24:12 | APZz_ · resign |
[ AI ANALYSIS · 1 CREDIT ]
What really happened in this match?
Wolo.gg analyzes every decision: build order, eco, micro, common mistakes by bracket. Personalized analysis on WhatsApp or Discord in 30 seconds.
Civ guide
Burgundians
Perfil
|FMG| TINCHO